 Dungeon Crawl Stone Soup version 0.16-a0-4127-g24fbb24 (webtiles) character file.

62 Sixotanaka the Slasher (level 4, 35/35 HPs)
             Began as a Formicid Abyssal Knight on Mar 2, 2015.
             Was a Believer of Lugonu.
             Got out of the dungeon alive.
             The game lasted 00:03:41 (1401 turns).

Sixotanaka the Slasher (Formicid Abyssal Knight)    Turns: 1401, Time: 00:03:41

Health: 35/35      AC:  6    Str: 17    XL:     4   Next: 28%
Magic:  6/6        EV: 10    Int: 11    God:    Lugonu [**....]
Gold:   85         SH:  0    Dex: 11    Spells: 0 memorised, 3 levels left

rFire  . . .     SeeInvis +     a - +1 falchion
rCold  . . .     Clarity  .     i - +0 ring mail
rNeg   . . .     SustAb   .     (no shield)
rPois  .         Gourm    .     (helmet unavailable)
rElec  .         Spirit   .     (no cloak)
rCorr  .         Warding  .     g - +0 pair of gloves
rMut   .         Stasis   +     (no boots)
MR     .....                    (no amulet)
Stlth  +.........               (no ring)
                                (no ring)

@: not resistant to hostile enchantments, very unstealthy
A: permanent stasis, dig shafts and tunnels, four strong arms, antennae 3
a: Dig, Shaft Self, Depart the Abyss, Bend Space, Renounce Religion


You escaped.
You worshipped Lugonu.
Lugonu was pleased with you.
You were hungry.

You visited 1 branch of the dungeon, and saw 2 of its levels.
You visited the Abyss 1 time.

You collected 85 gold pieces.


Innate Abilities, Weirdness & Mutations

You are under a permanent stasis effect.
You can dig through walls and to a lower floor.
Your four strong arms can wield two-handed weapons with a shield.
You have a pair of large antennae on your head (SInv).


   Skills:
 - Level 3.2 Fighting
 + Level 4.2 Long Blades
 - Level 2.1 Armour
 - Level 0.8 Dodging
 - Level 2.1 Invocations


You had 3 spell levels left.
You didn't know any spells.

Dungeon Overview and Level Annotations

Branches:
Dungeon (2/15)

Altars:
Okawaru

Inventory:

Hand weapons
 a - a +1 falchion (weapon)
Armour
 b - a +0 leather armour
 g - a +0 pair of gloves (worn)
 i - a +0 ring mail (worn)
Scrolls
 d - 5 scrolls of identify {unknown}
 e - a scroll of immolation {unknown}
 f - a scroll of remove curse {unknown}
Potions
 k - 2 potions of heal wounds {unknown}
 l - a potion of ambrosia {unknown}
Comestibles
 c - 2 bread rations
 j - a slice of pizza
 m - a royal jelly

####..##..### #.# #.
#...........##### #.# ###.
#.....#####.....# #.# #...
#...........###.#####.# #...
###.....................# #...
##.........##♣♣♣.♣♣♣##...# #...
...........# ♣⌠♣ #...# #...
...........♣♣♣♣♣.♣♣♣♣♣...# ####
..............⌠.@.⌠......#
####.......♣♣♣♣♣.♣♣♣♣♣...########
####.......# ♣⌠♣ #...........
.....#.....##♣♣♣.♣♣♣##...........
...........................).....
....#....................÷).(....
.............###########.........
.≈≈≈≈.≈≈≈≈≈.># #.........
.≈≈≈≈.≈≈≈≈≈..# #.........


There were no monsters in sight!


Message History

You offer a prayer to Lugonu.
The hobgoblin corpse is consumed by the void.
Lugonu is pleased with you.
A giant newt comes into view.
Found a robe.
Found an iron altar of Okawaru.
A giant newt is nearby!
An adder comes into view.
The giant newt bites you.
You closely miss the giant newt. The giant newt barely misses you.
You closely miss the giant newt. The giant newt bites you.
You closely miss the giant newt. The giant newt barely misses you.
You miss the giant newt. The giant newt barely misses you.
You hit the giant newt. The giant newt completely misses you.
You hit the giant newt.
You kill the giant newt!
Lugonu accepts your kill. The adder bites you but does no damage.
You barely miss the adder. The adder closely misses you.
You closely miss the adder. The adder bites you.
You are poisoned.
The adder poisons you! The adder closely misses you.
You hit the adder.
You feel sick. The adder bites you but does no damage.
You closely miss the adder. The adder closely misses you.
The adder bites you but does no damage.
You closely miss the adder.
You feel sick. The adder bites you but does no damage.
You completely miss the adder. The adder barely misses you.
The adder closely misses you.
You hit the adder.
You feel sick. The adder bites you but does no damage.
You hit the adder. The adder barely misses you.
You hit the adder. The adder bites you but does no damage.
The adder closely misses you.
You closely miss the adder.
You feel sick. The adder bites you but does no damage.
You hit the adder.
You kill the adder!
Lugonu accepts your kill.
No target in view!
A bat comes into view.
The bat hits you.
Found a stone staircase leading up.
You see here a giant newt corpse.
You offer a prayer to Lugonu.
The giant newt corpse is consumed by the void.
Lugonu is pleased with you. The bat closely misses you.
You barely miss the bat.
You feel sick. The bat hits you but does no damage.
The bat hits you but does no damage.
You hit the bat.
You kill the bat!
Lugonu accepts your kill.
No target in view!
No target in view!
You start resting.
You feel sick.
You feel sick.
You are no longer poisoned.
You start resting.
All of the chunks of flesh in your inventory have rotted away.
Found a leather armour.
You see here a leather armour.
You are feeling hungry.
Okay, then.
You see here a leather armour.
There is a stone staircase leading up here.
You climb upwards.
There is a stone staircase leading down here.
There is a fountain of clear blue water here.
There is a staircase leading out of the dungeon here.
Are you sure you want to leave the Dungeon?
This will make you lose the game!
You have escaped!

Action                   |  1- 3 |  4- 6 || total
-------------------------+-------+-------++-------
Melee: Falchion          |    70 |    24 ||    94
  Eat: Chunk             |     1 |       ||     1

Vault maps used:
D:1:      scummos_arrival_forest, st_stairs_14, minivault_14
D:2:      forest_paths, lemuel_crystal_altar, okawaru_gym_becter,
          old_standard_altar, first_bread, columned_hall_lemuel

Notes
Turn   | Place    | Note
--------------------------------------------------------------
     0 | Abyss:1  | Sixotanaka, the Formicid Abyssal Knight, began the quest for the Orb.
     0 | Abyss:1  | Reached XP level 1. HP: 18/18 MP: 1/1
    13 | D:1      | Escaped the Abyss
   192 | D:1      | HP: 4/18 [poisoned by a giant mite]
   200 | D:1      | HP: 3/18 [poisoned by a giant mite]
   247 | D:1      | HP: 2/18 [giant mite (2)]
   250 | D:1      | Reached skill level 3 in Long Blades
   250 | D:1      | Reached XP level 2. HP: 4/24 MP: 3/3
   616 | D:1      | Reached XP level 3. HP: 29/29 MP: 5/5
   778 | D:1      | Acquired Lugonu's second power
  1073 | D:1      | Reached skill level 4 in Long Blades
  1073 | D:1      | Reached XP level 4. HP: 35/35 MP: 6/6
  1196 | D:2      | Found an iron altar of Okawaru.
  1401 | D:$      | Got out of the dungeon alive.

Vanquished Creatures
  2 adders
  A giant mite (D:1)
  An ooze (D:1)
  3 bats
  3 giant cockroaches (D:1)
  2 goblins (D:1)
  7 hobgoblins
  A ball python (D:1)
  3 giant newts
  5 kobolds (D:1)
  4 rats (D:1)
32 creatures vanquished.
